[Event "Titled Tuesday Blitz October 26 2021"]
[White "Rozen, Eytan"]
[Black "Svane, Frederik"]
[WhiteFideId "2816750"]
[BlackFideId "12923044"]
[WhiteElo "2115"]
[BlackElo "2459"]
[Result "1/2-1/2"]
[Round "03"]
[TimeControl "180+1"]
[Date "2021.10.26"]
[WhiteClock "0:00:29"]
[BlackClock "0:00:02"]

1. c4 c5 2. Nc3 Nc6 3. g3 g6 4. Bg2 Bg7 5. b3 d6 6. e3 Bf5 7. Nge2 Qd7 8. O-O Bh3 9. d4 h5 10. d5 Nd8 11. Bxh3 Qxh3 12. Nf4 Qd7 13. Bb2 h4 14. Qf3 Nh6 15. Rab1 Ng4 16. Ne6 Nxe6 17. dxe6 Qxe6 18. Nd5 Kf8 19. Nc7 Qd7 20. Nxa8 Bxb2 21. Rxb2 Ne5 22. Qe4 Kg7 23. f4 Ng4 24. Qf3 f5 25. e4 Rxa8 26. exf5 gxf5 27. Re1 Rf8 28. Rbe2 Rf7 29. Re6 Nf6 30. Qd3 Ne4 31. Qd5 Nf6 32. Qxf5 Kf8 33. g4 Ke8 34. g5 Nh5 35. Qg6 Nxf4 36. Qg8+ Rf8 37. Rxe7+ Qxe7 38. Rxe7+ Kxe7 39. Qh7+ Rf7 40. Qe4+ Kf8 41. g6 Nxg6 42. Kg2 Nf4+ 43. Kf3 Nd3+ 44. Kg2 Nf4+ 45. Kg1 Nh3+ 46. Kg2 Nf4+ 1/2-1/2


[Site "https://www.chess.com"]

[Event "Titled Tuesday Blitz October 26 2021"]
[White "Rozhkov, Viacheslav"]
[Black "Madaminov, Mukhiddin"]
[WhiteFideId "4181484"]
[BlackFideId "14210703"]
[WhiteElo "2324"]
[BlackElo "1855"]
[Result "0-1"]
[Round "03"]
[TimeControl "180+1"]
[Date "2021.10.26"]
[WhiteClock "0:00:14"]
[BlackClock "0:01:43"]

1. e4 e5 2. Nf3 Nc6 3. d4 exd4 4. Bc4 Bc5 5. c3 Nf6 6. cxd4 Bb4+ 7. Bd2 Bxd2+ 8. Nbxd2 d5 9. exd5 Nxd5 10. Qb3 Nce7 11. O-O O-O 12. Rfe1 Nb6 13. Bd3 h6 14. Ne5 Qxd4 15. Ndf3 Qf4 16. Nxf7 Ned5 17. N7e5 Bf5 18. g3 Qb4 19. Qxb4 Nxb4 20. Bxf5 Rxf5 21. Nd4 Rf6 22. f4 c6 23. a3 N4d5 24. Re2 Rd8 25. Ng4 Rg6 26. Ne5 Rgd6 27. Nf5 Rf6 28. Ne3 Nxe3 29. Rxe3 Rd2 30. Rae1 Rxb2 31. Ng4 Rd6 32. Re8+ Kh7 33. R8e7 h5 34. Ne3 Nd5 35. Re5 Nxe3 36. Rxh5+ Kg8 37. Rxe3 Rd1+ 0-1


[Site "https://www.chess.com"]

[Event "Titled Tuesday Blitz October 26 2021"]
[White "Sadhwani, Raunak"]
[Black "Papasimakopoulos, Alexandros"]
[WhiteFideId "35093487"]
[BlackFideId "4244125"]
[WhiteElo "2517"]
[BlackElo "2352"]
[Result "1/2-1/2"]
[Round "03"]
[TimeControl "180+1"]
[Date "2021.10.26"]
[WhiteClock "0:00:04"]
[BlackClock "0:00:12"]

1. Nf3 f5 2. c4 Nf6 3. d4 d6 4. e3 g6 5. Be2 Bg7 6. b4 O-O 7. Bb2 Nbd7 8. O-O Ne4 9. Nbd2 e6 10. Qc2 d5 11. c5 Ndf6 12. b5 c6 13. a4 Nxd2 14. Qxd2 Ne4 15. Qc2 g5 16. a5 a6 17. bxc6 bxc6 18. Rfb1 h5 19. Ne5 Bxe5 20. dxe5 g4 21. Bd4 h4 22. Bd3 Rf7 23. f3 gxf3 24. gxf3 Rg7+ 25. Kh1 Ng5 26. Qe2 Raa7 27. Rg1 Qe8 28. Rab1 Kh7 29. Rb8 Rac7 30. e4 dxe4 31. fxe4 f4 32. Qg4 Qg6 33. Qxf4 Qh5 34. Qg4 Qxg4 35. Rxg4 Rgd7 36. Rxg5 Rxd4 37. Bf1 Rd1 38. Kg1 Rf7 39. Kg2 Rdxf1 40. Rxc8 R1f3 41. Rh5+ Kg6 42. Rxh4 Rf2+ 43. Kg1 Rf1+ 44. Kg2 R7f2+ 45. Kg3 Rf3+ 46. Kg2 Kg5 47. Rhh8 R3f2+ 48. Kg3 Rf3+ 49. Kg2 R1f2+ 50. Kg1 Rf1+ 51. Kg2 1/2-1/2


[Site "https://www.chess.com"]

[Event "Titled Tuesday Blitz October 26 2021"]
[White "Samadov, Read"]
[Black "Schmakel, Sam"]
[WhiteFideId "13417444"]
[BlackFideId "2039311"]
[WhiteElo "2084"]
[BlackElo "2356"]
[Result "0-1"]
[Round "03"]
[TimeControl "180+1"]
[Date "2021.10.26"]
[WhiteClock "0:00:03"]
[BlackClock "0:00:11"]

1. d4 c5 2. d5 e5 3. Nc3 d6 4. e4 Be7 5. Nf3 Bg4 6. Bb5+ Nd7 7. h3 Bxf3 8. Qxf3 a6 9. Bxd7+ Qxd7 10. a4 b6 11. O-O Nf6 12. Bd2 O-O 13. Bg5 b5 14. axb5 axb5 15. Bxf6 Bxf6 16. Qe2 b4 17. Qb5 Qc7 18. Ne2 Rab8 19. Qc4 g6 20. Ra6 Be7 21. Rfa1 Rb7 22. g3 Qd7 23. Kg2 f5 24. f3 Kg7 25. b3 h5 26. exf5 Qxf5 27. Qe4 Qg5 28. Ra7 Rxa7 29. Rxa7 Rf7 30. f4 Qf6 31. h4 Qf5 32. Qxf5 gxf5 33. fxe5 dxe5 34. Nc1 e4 35. Ne2 Bd6 36. Rxf7+ Kxf7 37. Kf2 Kf6 38. Ke3 Bf8 39. Nf4 Bh6 40. d6 Bxf4+ 41. Kxf4 Ke6 42. Ke3 Kxd6 43. Kf4 Ke6 44. Ke3 Ke5 45. Ke2 f4 0-1


[Site "https://www.chess.com"]

[Event "Titled Tuesday Blitz October 26 2021"]
[White "Seo, Jung Min"]
[Black "Manukyan, Artyom"]
[WhiteFideId "1734687"]
[BlackFideId "13305786"]
[WhiteElo "2486"]
[BlackElo "2034"]
[Result "1-0"]
[Round "03"]
[TimeControl "180+1"]
[Date "2021.10.26"]
[WhiteClock "0:02:30"]
[BlackClock "0:02:20"]

1. Nf3 d5 2. d4 Nf6 3. c4 e6 4. Nc3 Be7 5. Bf4 O-O 6. e3 Nbd7 7. Bd3 dxc4 8. Bxc4 c5 9. O-O a6 10. a4 b6 11. d5 exd5 12. Nxd5 Nxd5 13. Qxd5 Nf6 14. Qxa8 Qd7 15. Rfd1 Qg4 16. Ne5 Qf5 17. Bd3 Qh5 18. Qf3 Ng4 19. h3 1-0


[Site "https://www.chess.com"]

[Event "Titled Tuesday Blitz October 26 2021"]
[White "Shimelkov, Vasiliy"]
[Black "Sviridov, Valery"]
[WhiteFideId "13701630"]
[BlackFideId "4120680"]
[WhiteElo "2073"]
[BlackElo "2454"]
[Result "0-1"]
[Round "03"]
[TimeControl "180+1"]
[Date "2021.10.26"]
[WhiteClock "0:00:32"]
[BlackClock "0:01:54"]

1. d4 g6 2. c4 Bg7 3. Nf3 d6 4. Nc3 e5 5. e4 exd4 6. Nxd4 Nc6 7. Nc2 Nge7 8. Be2 O-O 9. O-O f5 10. Bg5 h6 11. Bxe7 Qxe7 12. Nd5 Qf7 13. exf5 Bxf5 14. Nce3 Be6 15. Rb1 Rae8 16. Bd3 Ne5 17. b3 Nxd3 18. Qxd3 c6 19. Nc3 Rd8 20. Ne4 d5 21. cxd5 cxd5 22. Nc5 Bc8 23. b4 d4 24. Nc2 Bf5 25. Ne4 Rc8 26. Rb3 Qc4 27. Qxc4+ Rxc4 28. Na3 Rc7 29. Nc5 b6 30. Nd3 Rc3 31. Rxc3 dxc3 32. Nc1 c2 33. h3 Rc8 34. Nb5 Bb2 35. Kh2 a6 36. Nd6 Be5+ 0-1


[Site "https://www.chess.com"]

[Event "Titled Tuesday Blitz October 26 2021"]
[White "Sorokin, Aleksey"]
[Black "Janaszak, Dawid"]
[WhiteFideId "24176460"]
[BlackFideId "1119206"]
[WhiteElo "2476"]
[BlackElo "2215"]
[Result "1-0"]
[Round "03"]
[TimeControl "180+1"]
[Date "2021.10.26"]
[WhiteClock "0:01:21"]
[BlackClock "0:00:06"]

1. e4 e5 2. Nf3 Nc6 3. Bb5 a6 4. Ba4 Nf6 5. O-O Be7 6. Re1 b5 7. Bb3 O-O 8. c3 d5 9. exd5 Nxd5 10. Nxe5 Nxe5 11. Rxe5 c6 12. d3 Bd6 13. Re1 Qh4 14. g3 Qh3 15. Qf3 Bg4 16. Qg2 Qh5 17. Be3 Kh8 18. Nd2 f5 19. f4 Nxe3 20. Rxe3 Rad8 21. Rae1 c5 22. Bd5 g5 23. fxg5 f4 24. gxf4 Bxf4 25. Be4 Bxe3+ 26. Rxe3 Bc8 27. g6 hxg6 28. Nf3 Rf4 29. h3 Bxh3 30. Bxg6 Bxg2 31. Bxh5 Bxf3 32. Bxf3 Rdf8 33. Kf2 R4f6 34. Ke2 Kg7 35. a3 Kf7 36. b4 Re6 37. Bd5 1-0


[Site "https://www.chess.com"]

[Event "Titled Tuesday Blitz October 26 2021"]
[White "Trost, Edvin"]
[Black "DieHardCuban"]
[WhiteFideId "1729519"]
[WhiteElo "2026"]
[BlackElo "2434"]
[Result "1-0"]
[Round "03"]
[TimeControl "180+1"]
[Date "2021.10.26"]
[WhiteClock "0:01:13"]
[BlackClock "0:00:26"]

1. e4 c6 2. d4 d5 3. Nc3 dxe4 4. Nxe4 Bf5 5. Ng3 Bg6 6. h4 h6 7. Nf3 Nd7 8. h5 Bh7 9. Bd3 Bxd3 10. Qxd3 e6 11. Bd2 Qc7 12. O-O-O Ngf6 13. Kb1 Be7 14. Rhe1 O-O-O 15. Nf5 Bf8 16. Ng3 a6 17. Qe2 Bd6 18. Ne5 Rhf8 19. Bc1 c5 20. Nxd7 Rxd7 21. Ne4 Nxe4 22. Qxe4 Rfd8 23. d5 exd5 24. Qxd5 Bf4 25. Qxd7+ Rxd7 26. Re8+ Qd8 27. Rxd8+ Kxd8 28. Rxd7+ Kxd7 29. Bxf4 Ke6 30. Be3 Kf5 31. Bxc5 Kg5 32. Bf8 Kf6 33. Kc1 g6 34. hxg6 Kxg6 35. Bc5 h5 36. Be3 Kf5 37. Kd2 h4 38. Ke2 Kg4 39. f3+ Kh5 40. Kf2 f5 41. g3 b5 42. gxh4 Kxh4 43. b3 Kh3 44. c4 bxc4 45. bxc4 Kh4 46. f4 Kg4 47. c5 Kh3 48. c6 Kg4 49. c7 Kh5 50. c8=Q Kg6 51. Qg8+ Kf6 52. Bd4+ Ke7 53. Bc5+ Kd7 54. Qd5+ Ke8 55. Qd6 Kf7 56. Qe7+ Kg6 57. Bd4 Kh5 58. Qg7 Kh4 59. Qg5+ Kh3 60. Qg3# 1-0


[Site "https://www.chess.com"]

[Event "Titled Tuesday Blitz October 26 2021"]
[White "Wagh Suyog"]
[Black "Federzoni, Enzo"]
[WhiteFideId "25071688"]
[BlackFideId "2173301"]
[WhiteElo "2219"]
[BlackElo "1956"]
[Result "1-0"]
[Round "03"]
[TimeControl "180+1"]
[Date "2021.10.26"]
[WhiteClock "0:00:08"]
[BlackClock "0:00:06"]

1. b3 Nf6 2. Bb2 g6 3. Bxf6 exf6 4. c4 d5 5. cxd5 Qxd5 6. Nc3 Qa5 7. Nf3 Ba3 8. Qc2 Nc6 9. e3 Bf5 10. e4 Bg4 11. Bb5 Bxf3 12. gxf3 O-O 13. Bxc6 bxc6 14. h4 Rad8 15. h5 Rd7 16. hxg6 fxg6 17. Rd1 Rfd8 18. Nb1 Bb4 19. Ke2 Kg7 20. f4 Rd4 21. f3 Qb6 22. d3 R4d6 23. a3 Bc5 24. Nd2 R6d7 25. Nc4 Qb5 26. f5 g5 27. f4 h6 28. fxg5 hxg5 29. e5 Bd4 30. Rh3 Rh8 31. Rxh8 Kxh8 32. Rh1+ Kg7 33. Kd1 Bxe5 34. Rh3 Qd5 35. Qe2 Qf7 36. Nxe5 Qxb3+ 37. Ke1 Qc3+ 38. Kf1 Qxe5 39. Qh5 Qf4+ 40. Rf3 Qc1+ 41. Kg2 Kg8 42. Qe8+ 1-0


[Site "https://www.chess.com"]

[Event "Titled Tuesday Blitz October 26 2021"]
[White "Weichhold, Pawel"]
[Black "Mamedyarov, Shakhriyar"]
[WhiteFideId "1139703"]
[BlackFideId "13401319"]
[WhiteElo "2309"]
[BlackElo "2754"]
[Result "0-1"]
[Round "03"]
[TimeControl "180+1"]
[Date "2021.10.26"]
[WhiteClock "0:00:07"]
[BlackClock "0:01:34"]

1. e4 c5 2. Nf3 e6 3. d4 cxd4 4. Nxd4 Nf6 5. Nc3 Nc6 6. Ndb5 d6 7. Bf4 e5 8. Bg5 a6 9. Na3 Be6 10. Nc4 Rb8 11. Ne3 Be7 12. Bxf6 Bxf6 13. h4 Bxh4 14. Ncd5 Bg5 15. c3 Ne7 16. Nxe7 Qxe7 17. Nf5 Bxf5 18. exf5 O-O 19. Bc4 e4 20. Qh5 h6 21. O-O b5 22. Bb3 b4 23. Rad1 bxc3 24. bxc3 Rb5 25. Qg4 e3 26. fxe3 Re5 27. Rfe1 Bxe3+ 28. Kh1 Re4 29. Rxe3 Rxe3 30. Rf1 Re1 31. Kg1 Qe3+ 0-1


[Site "https://www.chess.com"]

[Event "Titled Tuesday Blitz October 26 2021"]
[White "Yaksin, Oleg"]
[Black "Zierk, Steven"]
[WhiteFideId "24105880"]
[BlackFideId "2034255"]
[WhiteElo "2256"]
[BlackElo "2494"]
[Result "0-1"]
[Round "03"]
[TimeControl "180+1"]
[Date "2021.10.26"]
[WhiteClock "0:00:01"]
[BlackClock "0:00:44"]

1. d4 d5 2. c4 dxc4 3. e4 Nf6 4. e5 Nd5 5. Bxc4 Nc6 6. Ne2 Bf5 7. a3 e6 8. Nbc3 Nb6 9. Bb3 Be7 10. O-O Qd7 11. Be3 O-O-O 12. Bc2 Bxc2 13. Qxc2 h5 14. b4 h4 15. h3 f5 16. f4 g5 17. fxg5 Rhg8 18. Rfd1 Bxg5 19. Bxg5 Rxg5 20. Nf4 Nxd4 21. Qf2 Rg3 22. Nce2 Nf3+ 23. Qxf3 Qxd1+ 24. Qf1 Qb3 25. Nxg3 hxg3 26. Re1 Rd2 27. h4 Qc3 28. Qf3 Qd4+ 0-1


[Site "https://www.chess.com"]

[Event "Titled Tuesday Blitz October 26 2021"]
[White "Zheng, Andrew"]
[Black "Yeletsky, Ivan"]
[WhiteFideId "2076810"]
[BlackFideId "24180327"]
[WhiteElo "2175"]
[BlackElo "2352"]
[Result "0-1"]
[Round "03"]
[TimeControl "180+1"]
[Date "2021.10.26"]
[WhiteClock "0:00:05"]
[BlackClock "0:00:13"]

1. d4 d5 2. Nf3 c6 3. Bf4 Nf6 4. e3 Qb6 5. Qc1 Nh5 6. Be5 Nd7 7. c4 Nxe5 8. Nxe5 e6 9. Nc3 Nf6 10. Be2 Qc7 11. O-O Be7 12. c5 Nd7 13. f4 Nxe5 14. fxe5 O-O 15. Bd3 f6 16. Qc2 h6 17. exf6 Bxf6 18. Ne2 e5 19. Bf5 exd4 20. exd4 Bxf5 21. Rxf5 Qe7 22. Raf1 Qe3+ 23. Kh1 Rae8 24. Ng3 Bxd4 25. Rxf8+ Rxf8 26. Rxf8+ Kxf8 27. Qf5+ Ke7 28. Qf1 g6 29. Ne2 Qf2 30. Qd1 Bxc5 31. h3 Be3 32. Qd3 Qf1+ 33. Kh2 Bf4+ 34. Nxf4 Qxf4+ 35. Kh1 Kf6 36. Qa3 d4 37. Qf8+ Ke5 38. Qb8+ Ke4 39. Qxb7 Qd6 0-1


[Site "https://www.chess.com"]

[Event "Titled Tuesday Blitz October 26 2021"]
[White "Alexakis, Dimitris"]
[Black "Bacrot, Etienne"]
[WhiteFideId "4277023"]
[BlackFideId "605506"]
[WhiteElo "2409"]
[BlackElo "2673"]
[Result "1-0"]
[Round "04"]
[TimeControl "180+1"]
[Date "2021.10.26"]
[WhiteClock "0:00:18"]
[BlackClock "0:00:04"]

1. e4 c5 2. Nf3 Nc6 3. d4 cxd4 4. Nxd4 e5 5. Nb5 d6 6. c4 Nf6 7. f3 Be7 8. Be3 O-O 9. Be2 a6 10. N5c3 Be6 11. O-O Nd7 12. Qd2 h6 13. g3 Rc8 14. Nd5 Bg5 15. f4 exf4 16. gxf4 Bf6 17. Nbc3 Bxc3 18. Nxc3 Nf6 19. Rad1 Ng4 20. f5 Nxe3 21. Qxe3 Bd7 22. f6 Ne5 23. Qg3 Qb6+ 24. Kh1 g6 25. Rf4 Rfe8 26. Rh4 Re6 27. Rxh6 Qd8 28. Nd5 Rxf6 29. Qh4 Kg7 30. Rh7+ 1-0


[Site "https://www.chess.com"]

[Event "Titled Tuesday Blitz October 26 2021"]
[White "Andreikin, Dmitry"]
[Black "Papasimakopoulos, Alexandros"]
[WhiteFideId "4158814"]
[BlackFideId "4244125"]
[WhiteElo "2736"]
[BlackElo "2352"]
[Result "1-0"]
[Round "04"]
[TimeControl "180+1"]
[Date "2021.10.26"]
[WhiteClock "0:00:16"]
[BlackClock "0:00:20"]

1. e4 e6 2. d4 d5 3. Nc3 Bb4 4. Qd3 dxe4 5. Qxe4 Nf6 6. Qh4 Nc6 7. Nf3 Ne7 8. Bd3 Nf5 9. Bxf5 exf5 10. Bg5 Qe7+ 11. Kf1 Qe6 12. Bxf6 Qxf6 13. Qxf6 gxf6 14. Nd5 Bd6 15. Nxf6+ Kf8 16. Re1 Be6 17. d5 Kg7 18. Nh5+ Kg6 19. dxe6 Kxh5 20. exf7 Kg6 21. Ne5+ Kf6 22. f8=Q+ Bxf8 23. Nd7+ Kf7 24. Nxf8 Rhxf8 25. f3 Rad8 26. Kf2 Rd2+ 27. Re2 Rfd8 28. Re1 Kf6 29. a4 h5 30. Kg3 Rg8+ 31. Kh3 Rxe2 32. Rxe2 f4 33. Kh4 a5 34. Rd2 b6 35. b3 Kf5 36. Rd5+ Kf6 37. g3 Re8 38. Rxh5 Re2 39. Rh6+ Ke5 40. gxf4+ Kxf4 41. Rf6+ Ke5 42. Rc6 Kf4 43. Rc4+ Kf5 44. Rxc7 Rg2 45. Kh3 Rg6 46. Rc4 Rg8 47. Rg4 Rc8 48. c4 Rd8 49. Kg3 Rd3 50. h4 Rxb3 51. Rg5+ Kf6 52. Rb5 Rc3 53. Rxb6+ Kf7 54. Rb5 Rxc4 55. Rxa5 1-0


[Site "https://www.chess.com"]

[Event "Titled Tuesday Blitz October 26 2021"]
[White "Barp, Alberto"]
[Black "Hakobyan, Aram"]
[WhiteFideId "872555"]
[BlackFideId "13306677"]
[WhiteElo "2229"]
[BlackElo "2557"]
[Result "0-1"]
[Round "04"]
[TimeControl "180+1"]
[Date "2021.10.26"]
[WhiteClock "0:00:11"]
[BlackClock "0:00:38"]

1. d4 Nf6 2. c4 g6 3. g3 d6 4. Bg2 Bg7 5. Nc3 O-O 6. Nf3 c6 7. O-O Bf5 8. Ng5 e5 9. d5 h6 10. e4 Bg4 11. f3 Bd7 12. Nh3 cxd5 13. cxd5 Na6 14. Be3 Nc5 15. Nf2 a5 16. Rc1 b6 17. Qd2 Kh7 18. f4 exf4 19. gxf4 Re8 20. Bd4 Rc8 21. Rce1 Nh5 22. e5 Bf5 23. Nb5 dxe5 24. fxe5 Qh4 25. Nd6 Nf4 26. Nxc8 Qg5 27. Ng4 Nh3+ 28. Bxh3 Qxd2 29. Be3 Qxd5 30. Nd6 Bxg4 31. Bxg4 Rxe5 32. Nxf7 Rxe3 33. Rxe3 Qd4 0-1


[Site "https://www.chess.com"]

[Event "Titled Tuesday Blitz October 26 2021"]
[White "Baskin, Robert"]
[Black "Sorokin, Aleksey"]
[WhiteFideId "24662402"]
[BlackFideId "24176460"]
[WhiteElo "2521"]
[BlackElo "2476"]
[Result "0-1"]
[Round "04"]
[TimeControl "180+1"]
[Date "2021.10.26"]
[WhiteClock "0:00:08"]
[BlackClock "0:01:23"]

1. e4 c5 2. Nf3 d6 3. Bb5+ Nd7 4. c4 g6 5. O-O Bg7 6. Nc3 Nf6 7. d4 cxd4 8. Nxd4 O-O 9. h3 Nb6 10. Qd3 a6 11. Ba4 Nxa4 12. Nxa4 b5 13. Nc3 bxc4 14. Qxc4 Bb7 15. Re1 Qb6 16. Be3 Rfc8 17. Qd3 Qxb2 18. Na4 Qb4 19. Reb1 Qxa4 20. Rxb7 e5 21. Nf3 Qxe4 22. Qb3 Qd5 23. Rd1 Qxb3 24. axb3 Rc6 25. Bg5 Ne4 26. Be3 Rd8 27. Ra7 d5 28. Ra1 d4 29. Bg5 Nxg5 30. Nxg5 d3 31. Nxf7 d2 32. Nxd8 Rc1+ 33. Kh2 Rxa1 34. Ne6 Bf6 0-1


[Site "https://www.chess.com"]

[Event "Titled Tuesday Blitz October 26 2021"]
[White "Bernadskiy, Vitaliy"]
[Black "Petesch, Gabriel"]
[WhiteFideId "14100371"]
[BlackFideId "2032465"]
[WhiteElo "2510"]
[BlackElo "2374"]
[Result "0-1"]
[Round "04"]
[TimeControl "180+1"]
[Date "2021.10.26"]
[WhiteClock "0:00:32"]
[BlackClock "0:00:10"]

1. d4 d5 2. c4 dxc4 3. Nf3 Nf6 4. Na3 c5 5. Nxc4 cxd4 6. Nxd4 a6 7. g3 Qd5 8. Bf4 e5 9. Rc1 exf4 10. Qa4+ Bd7 11. Nb6 Bxa4 12. Nxd5 Nxd5 13. Rc8+ Ke7 14. Bg2 Kd7 15. Bh3+ Ke7 16. O-O Bd7 17. Bxd7 Kxd7 18. Rfc1 g6 19. R8c5 Bxc5 20. Rxc5 Nb6 21. Nf3 Rc8 22. Ne5+ Ke6 23. Rxc8 Nxc8 0-1


[Site "https://www.chess.com"]

[Event "Titled Tuesday Blitz October 26 2021"]
[White "Bluebaum, Matthias"]
[Black "Begmuratov, Khumoyun"]
[WhiteFideId "24651516"]
[BlackFideId "14210207"]
[WhiteElo "2681"]
[BlackElo "1948"]
[Result "1-0"]
[Round "04"]
[TimeControl "180+1"]
[Date "2021.10.26"]
[WhiteClock "0:00:07"]
[BlackClock "0:00:02"]

1. d4 Nf6 2. Nf3 g6 3. Nc3 d5 4. Bf4 Bg7 5. e3 O-O 6. Nb5 Na6 7. h3 c6 8. Nc3 Nc7 9. Be2 b5 10. O-O a5 11. Ne5 Bb7 12. Bf3 Nd7 13. Nxd7 Qxd7 14. Ne2 c5 15. c3 c4 16. b3 Bc6 17. Qc2 Rfc8 18. Rfc1 a4 19. bxc4 bxc4 20. Rab1 Nb5 21. Rb2 e6 22. Qd2 Bf8 23. Rbb1 Ra7 24. Ng3 Rb7 25. e4 Bd6 26. exd5 Bxd5 27. Bxd5 exd5 28. Bxd6 Nxd6 29. Rxb7 Qxb7 30. Qc2 a3 31. Rb1 Qe7 32. Qa4 Ne8 33. Qa6 Rd8 34. Qa5 Nf6 35. Kh2 h5 36. Nf1 Ne4 37. Kg1 Qg5 38. Ne3 Qf6 39. Rf1 Nd2 40. Re1 Ne4 41. Re2 Qg5 42. Qxa3 Rb8 43. Rb2 Re8 44. Re2 Rb8 45. Qc1 h4 46. Rb2 Qf4 47. Rxb8+ Qxb8 48. Nxd5 Qd6 49. Ne3 Qf4 50. Qe1 Qc7 51. Nd5 Qf4 52. Nxf4 1-0


[Site "https://www.chess.com"]

[Event "Titled Tuesday Blitz October 26 2021"]
[White "Buscar, Michael"]
[Black "Moroni, Luca Jr"]
[WhiteFideId "2603616"]
[BlackFideId "865834"]
[WhiteElo "2010"]
[BlackElo "2491"]
[Result "0-1"]
[Round "04"]
[TimeControl "180+1"]
[Date "2021.10.26"]
[WhiteClock "0:00:09"]
[BlackClock "0:00:06"]

1. d4 g6 2. Nf3 Bg7 3. g3 d6 4. Bg2 Bd7 5. O-O Qc8 6. Re1 Nc6 7. e4 Bg4 8. c3 e5 9. dxe5 Nxe5 10. Nbd2 Ne7 11. Qa4+ Bd7 12. Qc2 Nxf3+ 13. Nxf3 O-O 14. Bg5 Nc6 15. Rad1 Bg4 16. Qc1 Ne5 17. Qe3 h6 18. Nxe5 Bxd1 19. Bxh6 dxe5 20. Rxd1 Qe6 21. Bxg7 Kxg7 22. b3 Rad8 23. Rd5 c6 24. Rd2 Rxd2 25. Qxd2 Qe7 26. Bf1 Rd8 27. Qe1 Qc5 28. Be2 a5 29. Kf1 b5 30. h4 Qa3 31. h5 Qxa2 32. hxg6 fxg6 33. Qc1 Qd2 34. Qa1 Ra8 35. Qa3 b4 36. Qa4 bxc3 37. Qxc6 c2 38. Qb7+ Kh6 39. Qxa8 c1=Q+ 40. Kg2 Kg7 41. Qb7+ Kf6 42. Qb6+ Ke7 43. Qb7+ Qd7 44. Qb8 Qcc7 45. Qg8 Qe6 46. Qh7+ Qf7 47. Qh8 Qc5 48. f3 Qc2 49. Qh4+ Kd7 50. Kf1 Qb1+ 51. Kg2 Qbxb3 52. Ba6 Qc2+ 53. Kh3 Qc6 54. Qg4+ Qce6 55. Bc8+ Kxc8 56. Qxe6+ Qxe6+ 57. g4 Qf7 58. Kg3 a4 59. Kg2 a3 60. Kg3 a2 61. Kh4 a1=Q 62. Kg5 Qc1+ 63. Kh4 g5+ 64. Kg3 Qff4+ 65. Kh3 Qh1# 0-1


[Site "https://www.chess.com"]

[Event "Titled Tuesday Blitz October 26 2021"]
[White "Cardoso Cardoso, Jose Gabriel"]
[Black "Fries-Nielsen, Jens Ove"]
[WhiteFideId "4430492"]
[BlackFideId "1400142"]
[WhiteElo "2343"]
[BlackElo "2556"]
[Result "1-0"]
[Round "04"]
[TimeControl "180+1"]
[Date "2021.10.26"]
[WhiteClock "0:00:05"]
[BlackClock "0:00:42"]

1. d4 d6 2. Nc3 Nf6 3. e4 Nc6 4. f4 e6 5. Nf3 g6 6. e5 Nd5 7. Ne4 Bg7 8. a3 O-O 9. Bd3 Nce7 10. Qe2 a6 11. c4 Nb6 12. Be3 d5 13. cxd5 Nexd5 14. Bd2 Bd7 15. h4 f5 16. Nc5 h5 17. Ng5 Qe7 18. Rc1 Rab8 19. O-O Bh6 20. Rc2 Qe8 21. Nh3 Bb5 22. Rfc1 Bxd3 23. Qxd3 Qe7 24. g3 Rfd8 25. a4 Nd7 26. Nb3 c6 27. Kg2 Kh7 28. Ba5 b6 29. Be1 c5 30. Qxa6 Ne3+ 31. Kf3 Nxc2 32. Rxc2 Rdc8 33. Nf2 Qd8 34. Rd2 Qc7 35. Qb5 c4 36. Nc1 Qb7+ 37. Ke2 Qd5 38. Na2 Qxb5 39. axb5 Ra8 40. Nc3 Ra1 41. d5 exd5 42. Rxd5 Nc5 43. Rd6 Rb8 44. Rc6 Nb3 45. Rc7+ Kg8 46. Nd5 Bg7 47. Ne7+ Kh7 48. Nc6 Re8 49. Bc3 Nc5 50. Nh3 Ne4 51. Ng5+ Nxg5 52. hxg5 Kg8 53. Ne7+ Kh7 54. Nd5 Kh8 55. Kf2 Rd1 56. Nf6 Red8 57. e6 Rc1 58. e7 Rc2+ 59. Ke1 Ra8 60. e8=Q+ Rxe8+ 61. Nxe8 Bxc3+ 62. bxc3 Kg8 63. Nf6+ Kf8 64. Rc6 Rxc3 65. Rxb6 Rxg3 66. Rc6 Rb3 67. b6 h4 68. Rc7 h3 69. b7 h2 70. Rh7 Rxb7 71. Rxh2 Rb1+ 72. Kf2 Rb2+ 73. Kg3 Rxh2 74. Kxh2 c3 75. Nd7+ Ke7 76. Nc5 Kd6 77. Nb3 Kd5 78. Kg3 Kc4 79. Nc1 c2 80. Kf3 Kc3 81. Ke3 Kc4 82. Kd2 Kd4 83. Kxc2 Ke4 84. Nd3 Ke3 85. Kc3 1-0


[Site "https://www.chess.com"]

[Event "Titled Tuesday Blitz October 26 2021"]
[White "Carnicelli, Valerio"]
[Black "Sanal, Vahap"]
[WhiteFideId "856185"]
[BlackFideId "6300545"]
[WhiteElo "2332"]
[BlackElo "2492"]
[Result "1-0"]
[Round "04"]
[TimeControl "180+1"]
[Date "2021.10.26"]
[WhiteClock "0:00:04"]
[BlackClock "0:00:02"]

1. e4 c5 2. Nf3 e6 3. d4 cxd4 4. Nxd4 a6 5. g3 b5 6. Bg2 Bb7 7. O-O Nf6 8. Re1 Qc7 9. a4 b4 10. c3 Be7 11. e5 Nd5 12. Nf5 exf5 13. Bxd5 O-O 14. Bf4 Qc8 15. Qd3 Nc6 16. Nd2 g6 17. Nc4 Bc5 18. Nd6 Qc7 19. Nxf7 Ne7 20. Bc4 Qb6 21. Nd6+ Kg7 22. Re2 Rad8 23. a5 Qc7 24. e6 Qc6 25. Nxb7 Qxb7 26. Be5+ Kh6 27. Qd2+ g5 28. h4 f4 29. hxg5+ Kh5 30. gxf4 dxe6 31. Qc2 Ng6 32. Re3 Nxf4 33. Bxf4 Rxf4 34. Qe2+ Kh4 35. Rh3+ Kxg5 36. Qh5+ Kf6 37. Qh6+ Kf5 38. Qxe6+ Kg5 39. Qh6+ Kf5 40. Rh5+ Ke4 41. Re1+ Kf3 42. Rh3+ Kg4 43. Qh5# 1-0


[Site "https://www.chess.com"]

[Event "Titled Tuesday Blitz October 26 2021"]
[White "Dorokhin, Mykhailo"]
[Black "Siva Mahadevan"]
[WhiteFideId "14114178"]
[BlackFideId "25043153"]
[WhiteElo "2280"]
[BlackElo "2203"]
[Result "0-1"]
[Round "04"]
[TimeControl "180+1"]
[Date "2021.10.26"]
[WhiteClock "0:01:16"]
[BlackClock "0:00:35"]

1. d4 Nf6 2. Nf3 g6 3. Bf4 Bg7 4. e3 O-O 5. h3 d6 6. Be2 Nbd7 7. O-O b6 8. a4 a6 9. Nfd2 e5 10. Bh2 Bb7 11. Bf3 e4 12. Be2 Re8 13. c4 a5 14. Nc3 Nf8 15. Qb1 h5 16. b4 N8h7 17. bxa5 Rxa5 18. Nb3 Rf5 19. a5 bxa5 20. Rxa5 Bc8 21. Rxf5 Bxf5 22. Na5 h4 23. Qb7 Qd7 24. Nb5 Bxh3 25. Qxc7 Ra8 26. Qxd7 Bxd7 27. Nb7 Ra2 28. Re1 h3 29. N5xd6 hxg2 30. Kxg2 Ng5 31. Nc5 Bh3+ 32. Kg1 Nf3+ 33. Bxf3 exf3 34. Nce4 Ng4 35. c5 f5 36. c6 fxe4 37. Bg3 Rc2 38. Nxe4 Rxc6 39. Ng5 Bg2 40. Ne6 Rxe6 41. d5 Re8 42. d6 Rd8 43. Rc1 Be5 44. Bxe5 Nxe5 45. Kh2 Rxd6 46. Kg3 Kf7 47. Kf4 Nd3+ 0-1


[Site "https://www.chess.com"]